 Dungeon Crawl Stone Soup version 0.27-a0-1066-g29160eaed2 (webtiles) character file.

Game seed: 10142792988831517474

22432 evfg the Geomancer (level 13, 0/78 HPs)
             Began as a Gargoyle Earth Elementalist on Apr 24, 2021.
             Was a Priest of Vehumet.
             Shot with an arrow by a centaur warrior (1 damage)
             ... on level 14 of the Dungeon.
             The game lasted 00:36:56 (16888 turns).

evfg the Geomancer (Gargoyle Earth Elementalist)   Turns: 16888, Time: 00:36:57

Health: 0/78       AC: 24    Str: 12    XL:     13   Next: 0%
Magic:  25/25      EV: 13    Int: 24    God:    Vehumet [***...]
Gold:   665        SH:  0    Dex: 10    Spells: 18/29 levels left

rFire    + . .     SeeInvis +   v - +5 short sword (freeze)
rCold    . . .     Faith    .   (no shield)
rNeg     + . .     Spirit   .   m - +3 leather armour
rPois    ∞         Reflect  .   I - +2 hat {SInv}
rElec    +         Harm     .   J - +2 cloak
rCorr    .         Rampage  .   L - +0 pair of gloves
Will     .....                  F - +0 pair of boots "Omoff" {Int+3}
Stlth    ++........             D - amulet of magic regeneration
HPRegen  0.23/turn              H - ring of protection from fire
MPRegen  0.44/turn              (no ring)

@: mighty, marked, unable to read, studying Throwing
A: AC +9, negative energy resistance 1, electricity resistance, torment
resistance 1, unbreathing 1, petrification resistance, hooves 1, wild magic 1,
inability to read while threatened
a: Renounce Religion


You were on level 14 of the Dungeon.
You worshipped Vehumet.
Vehumet was most pleased with you.
You visited 2 branches of the dungeon, and saw 15 of its levels.
You visited the Abyss 1 time.

You collected 770 gold pieces.
You spent 105 gold pieces at shops.

Inventory:

Hand Weapons
 f - a +0 flail of draining
 v - a +5 short sword of freezing (weapon)
 G - a +2 flail of protection
 K - a +7 short sword of holy wrath
Missiles
 b - 226 stones
 o - 2 atropa-tipped darts
 x - 8 curare-tipped darts
 y - 6 throwing nets
Armour
 a - a +1 pair of boots
 h - +0 steam dragon scales
 m - a +3 leather armour (worn)
 C - a +2 robe of cold resistance
 F - the +0 pair of boots "Omoff" (worn) {Int+3}
   (You found it on level 9 of the Dungeon)

   It affects your intelligence (+3).
 I - a +2 hat of see invisible (worn)
 J - a +2 cloak (worn)
 L - a +0 pair of gloves (worn)
Jewellery
 D - an amulet of magic regeneration (around neck)
 H - a ring of protection from fire (left hand)
Wands
 c - a wand of digging (3)
 r - a wand of paralysis (6)
 w - a wand of flame (113)
 z - a wand of polymorph (22)
Scrolls
 e - 4 scrolls of teleportation
 l - 3 scrolls of fear
 q - 2 scrolls of amnesia
 E - 2 scrolls of magic mapping
Potions
 d - a potion of lignification
 g - 2 potions of cancellation
 i - 3 potions of flight
 k - a potion of brilliance
 p - 5 potions of curing
 s - a potion of ambrosia
 t - a potion of attraction
 A - a potion of resistance
Miscellaneous
 n - a tin of tremorstones (inert)


   Skills:
 + Level 7.9 Fighting
 + Level 7.4 Maces & Flails
 - Level 6.0 Armour
 + Level 6.3 Dodging
 - Level 2.1 Stealth
 + Level 8.6 Spellcasting
 + Level 9.3 Conjurations
 - Level 1.5 Necromancy
 - Level 0.7 Transmutations
 + Level 11.2 Earth Magic
 + Level 4.8 Evocations


You had 18 spell levels left.
You knew the following spells:

 Your Spells              Type           Power      Damage    Failure   Level
a - Sandblast             Erth           100%       2d20      1%          1
b - Stone Arrow           Conj/Erth      100%       3d13      1%          3
c - Lee's Rapid Deconstr  Erth           35%        3d19*     1%          5
d - Passwall              Tmut/Erth      41%        N/A       2%          2

Your spell library contained the following spells:

 Spells                   Type           Power      Damage    Failure   Level
 Sticky Flame             Conj/Fire      42%        2d6       4%          4
 Mephitic Cloud           Conj/Pois/Air  32%        N/A       2%          3
 Poisonous Vapours        Pois/Air       26%        N/A       4%          2
 Animate Skeleton         Necr           44%        N/A       7%          1
 Pain                     Necr           88%        1d8       7%          1
 Ignite Poison            Fire/Tmut/Pois 14%        N/A       8%          3
 Sting                    Tmut/Pois      60%        1d6       10%         1
 Petrify                  Tmut/Erth      50%        N/A       10%         4
 Corpse Rot               Necr/Air       N/A        N/A       13%         2
 Vampiric Draining        Necr           11%        2d7       17%         3
 Olgreb's Toxic Radiance  Pois           13%        N/A       24%         4
 Confusing Touch          Hex            13%        N/A       30%         3
 Gell's Gravitas          Tloc           6%         N/A       30%         3
 Yara's Violent Unravell  Hex/Tmut       7%         3d5       45%         5
 Animate Dead             Necr           11%        N/A       47%         4
 Agony                    Necr           22%        N/A       82%         5
 Hydra Form               Tmut           8%         N/A       88%         5
 Eringya's Noxious Bog    Tmut/Pois      7%         N/A       93%         6
 Metabolic Englaciation   Hex/Ice        6%         N/A       95%         5
 Summon Forest            Summ/Tloc      6%         N/A       95%         5
 Summon Hydra             Summ           6%         N/A       100%        7


Dungeon Overview and Level Annotations

Branches:
Dungeon (14/15)            Temple (1/1) D:7            Lair (0/6) D:11
    Orc (0/2) D:11
 Vaults: D:13-14

Altars:
Ashenzari
Cheibriados
Dithmenos
Elyvilon
Fedhas
Gozag
Hepliaklqana
Kikubaaqudgha
Makhleb
Nemelex Xobeh
Okawaru
Qazlal
Ru
Sif Muna
Uskayaw
Vehumet
Wu Jian
Xom
Yredelemnul
The Shining One

Shops:
D:6 [!   D:8 :   D:9 (

Annotations:
D:14 2 transporters, GordonOverkill's ghost, journeyman DjIE


Innate Abilities, Weirdness & Mutations

Your stone body is resilient. (AC +9)
You are immune to poison.
You resist negative energy. (rN+)
You are resistant to electric shocks. (rElec)
You are resistant to unholy torment.
You can survive without breathing.
You are immune to petrification.
You have large cloven feet.
Your spells are a little harder to cast, but a little more powerful.
You sometimes lose the ability to read scrolls when taking damage.


Message History

You feel much better.
The centaur warrior shoots an arrow.
The arrow hits you! The arrow freezes you.
The centaur shoots an arrow.
The arrow hits you but does no damage.
The centaur shoots an arrow.
The arrow hits you but does no damage.
The centaur shoots an arrow.
The arrow hits you.
It was a potion of might.
You feel very mighty all of a sudden.
The centaur shoots an arrow.
The arrow hits you.
A centaur comes into view.
Unknown command.
You cannot read scrolls in your current state!
Unknown command.
You close the door.
The centaur shoots an arrow.
The arrow closely misses you.
The centaur warrior shoots an arrow.
The arrow completely misses you.
The centaur shoots an arrow.
The arrow hits you but does no damage.
The centaur shoots an arrow.
The arrow hits you but does no damage.
The centaur shoots an arrow.
The arrow hits you but does no damage.
The centaur shoots an arrow.
The arrow barely misses you.
The centaur shoots an arrow.
The arrow barely misses you.
The centaur warrior shoots an arrow.
The arrow hits you!
* * * LOW HITPOINT WARNING * * *
The arrow freezes you.
* * * LOW HITPOINT WARNING * * *
The centaur shoots an arrow.
The arrow closely misses you.
You feel better.
The centaur warrior shoots an arrow.
The arrow barely misses you.
The centaur shoots an arrow.
The arrow hits you but does no damage.
Unknown command.
You feel better.
The centaur warrior shoots an arrow.
The arrow hits you!
* * * LOW HITPOINT WARNING * * *
The arrow freezes you.
* * * LOW HITPOINT WARNING * * *
The centaur shoots an arrow.
The arrow misses you.
The centaur warrior wields a +0 shortbow.
The centaur warrior shoots an arrow.
The arrow hits you!
* * * LOW HITPOINT WARNING * * *
The centaur warrior shoots an arrow.
The arrow hits you.
* * * LOW HITPOINT WARNING * * *
The arrow freezes you.
You die... #..##### ###...# ...DDWD}. ##..# .##..=###.. #..# ....#....D#.##..# W##..©..#...#.c.# D....#..##..#.#.######### DHD#. .#....#.#.........# Dyy.#

..D.##.##........### ##### ####.
###D##..##@.c.....'.###....
...####©###..###..c.....#..##....
##..........cD.+...c....##.##....
#......#.c#####........##..#....
#.....+..## #........###.#....
#.....#### #........# #..<...
###'### #........# ###.... #.#
#........# #.... #.### #........#
#....


You could see 2 centaur warriors and 2 centaurs.

Vanquished Creatures
  Gastronok (D:10)
  Harold (D:7)
  A boulder beetle (D:12)
  Erica (D:8)
  3 two-headed ogres
  A large abomination (Abyss:3)
  A wizard (D:9)
  3 ugly things
  3 manticores
  2 cyclopes (D:13)
  Maurice (D:11)
  Maggie (D:9)
  A kobold demonologist (D:9)
  A tengu conjurer (D:13)
  A komodo dragon (D:11)
  5 trolls
  5 slime creatures (D:13)
  2 shadows
  2 wraiths
  Grum (D:10)
  13 yaks
  A vampire (D:11)
  3 wyverns
  Eustachio (D:5)
  3 acid dragons
  4 water moccasins
  3 orc warriors
  2 ice beasts (D:7)
  2 sky beasts
  A hornet zombie (D:7)
  2 black bears
  3 wolves (D:10)
  3 necrophages
  8 ogres
  6 centaurs
  A phantom (D:5)
  2 kobold brigands
  2 bullfrogs
  3 gnoll sergeants
  2 scorpions (D:5)
  2 water moccasin zombies
  A water moccasin skeleton (D:5)
  9 killer bees (D:9)
  9 wights
  9 howler monkeys
  4 centaur zombies
  A jelly (D:5)
  2 gnoll shamans
  A hound (D:5)
  A bullfrog skeleton (D:5)
  2 iguanas
  2 orc priests
  2 orc wizards (D:11)
  12 adders
  A howler monkey skeleton (D:4)
  24 gnolls
  A shadow imp (D:5)
  3 white imps
  A worm (D:4)
  4 dart slugs
  29 orcs
  6 ball pythons
  10 endoplasms
  4 giant cockroaches
  5 goblins
  11 hobgoblins
  3 jackals (D:4)
  9 kobolds
  5 quokkas
  8 bats
  3 rats (D:2)
286 creatures vanquished.

Vanquished Creatures (others)
  5 plants
5 creatures vanquished.

Grand Total: 291 creatures vanquished

Notes
Turn   | Place    | Note
-------+----------+-------------------------------------------
     0 | D:1      | evfg the Gargoyle Earth Elementalist began the quest for
                  | the Orb.
     0 | D:1      | Reached XP level 1. HP: 10/10 MP: 3/3
   437 | D:1      | Reached XP level 2. HP: 15/15 MP: 5/5
   482 | D:1      | Reached skill level 4 in Earth Magic
   638 | D:1      | Found a faded altar of an unknown god.
  1466 | D:2      | Reached XP level 3. HP: 19/19 MP: 6/6
  1468 | D:2      | Learned a level 1 spell: Animate Skeleton
  1667 | D:2      | Found a shimmering blue altar of Sif Muna.
  2245 | D:2      | Reached XP level 4. HP: 24/24 MP: 6/8
  2418 | D:2      | Reached skill level 1 in Necromancy
  2904 | D:3      | Reached skill level 5 in Earth Magic
  3065 | D:3      | Reached XP level 5. HP: 24/28 MP: 9/9
  3071 | D:3      | Learned a level 5 spell: Lee's Rapid Deconstruction
  3127 | D:3      | Learned a level 3 spell: Stone Arrow
  3143 | D:3      | You fall into a shaft and drop 3 floors!
  3187 | D:6      | Noticed an ogre
  3194 | D:6      | Killed an ogre
  3195 | D:6      | Reached skill level 1 in Conjurations
  3231 | D:6      | Noticed a centaur
  3240 | D:6      | Killed a centaur
  3241 | D:6      | Reached XP level 6. HP: 27/32 MP: 3/11
  3315 | D:6      | Noticed a necrophage
  3322 | D:6      | Found Iczopt's Distillery.
  3327 | D:6      | Killed a necrophage
  3328 | D:6      | Reached skill level 6 in Earth Magic
  3330 | D:6      | Bought a potion of curing for 45 gold pieces
  3330 | D:6      | Bought a potion of degeneration for 15 gold pieces
  3331 | D:6      | Bought a potion of lignification for 45 gold pieces
  3418 | D:5      | Entered Level 5 of the Dungeon
  3777 | D:3      | Reached XP level 7. HP: 28/36 MP: 13/13
  4822 | D:4      | Gained mutation: Your body sometimes deteriorates upon
                  | taking damage. [potion of mutation]
  4822 | D:4      | Gained mutation: You expend magic power (3 MP) to
                  | strengthen your wands. [potion of mutation]
  4823 | D:4      | Lost mutation: Your body sometimes deteriorates upon taking
                  | damage. [potion of mutation]
  4823 | D:4      | Lost mutation: You expend magic power (3 MP) to strengthen
                  | your wands. [potion of mutation]
  4823 | D:4      | Gained mutation: Your spells are a little harder to cast,
                  | but a little more powerful. [potion of mutation]
  4823 | D:4      | Gained mutation: You sometimes lose the ability to read
                  | scrolls when taking damage. [potion of mutation]
  4823 | D:4      | Gained mutation: You have large cloven feet. [potion of
                  | mutation]
  4984 | D:5      | Reached skill level 7 in Earth Magic
  5054 | D:5      | Reached skill level 5 in Spellcasting
  5054 | D:5      | Reached XP level 8. HP: 41/41 MP: 12/15
  5215 | D:5      | Reached skill level 1 in Fighting
  5215 | D:5      | Reached skill level 1 in Armour
  5308 | D:5      | Reached skill level 1 in Maces & Flails
  5457 | D:5      | Noticed Eustachio
  5471 | D:5      | Killed Eustachio
  5485 | D:5      | Reached skill level 5 in Conjurations
  5970 | D:6      | Reached XP level 9. HP: 45/49 MP: 11/17
  6149 | D:6      | Reached skill level 8 in Earth Magic
  6167 | D:6      | Found Ickat's Antique Armour Boutique.
  6612 | D:7      | Found a staircase to the Ecumenical Temple.
  6629 | Temple   | Entered the Ecumenical Temple
  6856 | Temple   | Became a worshipper of Vehumet
  7254 | D:7      | Noticed Harold
  7258 | D:7      | Killed Harold
  7546 | D:7      | Reached XP level 10. HP: 52/56 MP: 16/19
  7940 | D:8      | Found Urigi's Book Shop.
  7972 | D:8      | Noticed Erica
  8007 | D:8      | Killed Erica
  8008 | D:8      | Reached skill level 9 in Earth Magic
  8368 | D:8      | Reached skill level 5 in Fighting
  8483 | D:8      | Found a glowing golden altar of the Shining One.
  8574 | D:8      | Reached * piety under Vehumet
  8574 | D:8      | Offered knowledge of Freeze by Vehumet.
  8575 | D:8      | Reached skill level 5 in Armour
  9094 | D:9      | Reached skill level 5 in Maces & Flails
  9267 | D:9      | Identified the +0 pair of boots "Omoff" {Int+3}
  9318 | D:9      | Noticed Maggie
  9364 | D:9      | Killed Maggie
  9365 | D:9      | Reached skill level 1 in Evocations
  9365 | D:9      | Reached XP level 11. HP: 64/64 MP: 15/21
  9370 | D:9      | Noticed a manticore
  9382 | D:9      | Killed a manticore
  9616 | D:9      | Noticed a wizard
  9620 | D:9      | Cast into level 3 of the Abyss (a wizard)
  9629 | Abyss:3  | Noticed a rakshasa
  9640 | Abyss:3  | Noticed a wretched star
  9804 | Abyss:3  | Noticed a large abomination
  9806 | Abyss:3  | Killed a large abomination
  9806 | Abyss:3  | Offered knowledge of Shock by Vehumet.
  9833 | Abyss:3  | Noticed a wretched star
  9854 | Abyss:3  | Noticed a glowing orange brain
  9858 | Abyss:3  | Found a corrupted altar of Lugonu.
  9875 | D:9      | Escaped the Abyss
  9877 | D:9      | Reached ** piety under Vehumet
 10121 | D:9      | Killed a wizard
 10363 | D:9      | Found Xyupaoz's Weapon Boutique.
 10829 | D:9      | Reached skill level 10 in Earth Magic
 11099 | D:10     | Entered Level 10 of the Dungeon
 11102 | D:10     | Reached skill level 5 in Dodging
 11576 | D:10     | Noticed a two-headed ogre
 11579 | D:10     | Killed a two-headed ogre
 11680 | D:10     | Learned a level 2 spell: Passwall
 11726 | D:10     | Identified the +2 great sword "Hiatut" {vorpal, Str+6}
 12057 | D:10     | Noticed Grum
 12068 | D:10     | Killed Grum
 12303 | D:10     | Identified the +8 spear "Neuzo" {protect, rN+}
 12438 | D:10     | Noticed Gastronok
 12447 | D:10     | Killed Gastronok
 12448 | D:10     | Reached XP level 12. HP: 54/71 MP: 5/23
 12649 | D:11     | Noticed a two-headed ogre
 12655 | D:11     | Killed a two-headed ogre
 12730 | D:11     | Noticed Maurice
 12733 | D:11     | Killed Maurice
 12927 | D:11     | Found a staircase to the Lair.
 13142 | D:11     | Offered knowledge of Static Discharge by Vehumet.
 13531 | D:11     | Noticed a two-headed ogre
 13537 | D:11     | Killed a two-headed ogre
 14003 | D:11     | Found a staircase to the Orcish Mines.
 14009 | D:11     | Reached *** piety under Vehumet
 14251 | D:12     | Noticed a boulder beetle
 14411 | D:12     | Killed a boulder beetle
 14619 | D:12     | Reached skill level 11 in Earth Magic
 16376 | D:13     | Offered knowledge of Sticky Flame by Vehumet.
 16721 | D:14     | Noticed a fire dragon
 16729 | D:14     | Found a transporter.
 16733 | D:14     | Noticed an ice dragon
 16733 | D:14     | Noticed a four-headed hydra
 16734 | D:14     | Noticed GordonOverkill's ghost (journeyman DjIE)
 16753 | D:14     | Reached XP level 13. HP: 61/78 MP: 19/25
 16766 | D:14     | Found a transporter.
 16888 | D:14     | HP: 3/78 [centaur warrior/arrow (15)]
 16888 | D:14     | HP: 1/78 [centaur warrior/arrow (2)]
 16888 | D:14     | Shot with an arrow by a centaur warrior

Illustrated notes

Levels and vault maps discovered:
D:1:      nzn_arrival_crosshair, layout_loops_cross,
          hellmonk_ecumenical_altar_prayer_group,
          chequers_serial_rivers_micro_b, hex_large
D:2:      layout_basic, basic_altar, eino_tiny_chamber
D:3:      layout_basic
D:4:      layout_gridville, serial_rivers, chequers_serial_rivers_room_a,
          chequers_serial_rivers_micro_e, chequers_serial_rivers_small_3,
          chequers_serial_rivers_small_3, guppyfry_early_lair_pool
D:5:      layout_cave_pools, corexii_hall_statues_s, minmay_misc_feat_pillars,
          uniq_eustachio
D:6:      layout_loops_ring, serial_shops, shop, nicolae_shop_window_shopping
D:7:      layout_loops_ring, minmay_temple_entry_overgrown, kennysheep_nub,
          chequers_serial_rivers_small_a, grunt_ministairs_2, uniq_harold
D:8:      layout_loops_ring, general_overflow_altar, serial_shops,
          nicolae_shop_crystal, chequers_serial_rivers_room_b, minmay_between,
          uniq_erica
D:9:      minmay_distorted_concentric_squares, layout_layer_cave, serial_shops,
          shop, kennysheep_decorative_pillar, uniq_maggie
D:10:     minmay_weird_star, layout_stronghold, uniq_gastronok, uniq_grum
D:11:     layout_basic, lair_entry_dummy,
          kennysheep_orc_monster_closet_entryway, uniq_maurice
D:12:     layout_loops_ring
D:13:     layout_stronghold
D:14:     layout_roguey, david_vaults_5, gammafunk_ghost_berserking_beasts,
          kiku_gazebo_pond_becter, serial_shops, nicolae_shop_stone
Temple:   roderic_octagonal_lattice_temple

Skill      XL: |  1  2  3  4  5  6  7  8  9 10 11 12 |
---------------+-------------------------------------+-----
Earth Magic    | 4 5 6 7 8 9 10 11 | 11.2
Necromancy     | 1 |  1.5
Spellcasting   | 3 4 5 6 7 8 |  8.6
Conjurations   | 2 4 5 6 7 8 9 |  9.3
Fighting       | 2 4 5 6 7 |  7.9
Armour         | 2 4 5 6 |  6.0
Maces & Flails | 2 3 5 6 7 |  7.4
Dodging        | 2 3 4 5 6 |  6.3
Evocations     | 1 3 4 |  4.8
Stealth        | |  2.1
Transmutations | |  0.7

Action                   |  1- 3 |  4- 6 |  7- 9 | 10-12 | 13-15 || total
-------------------------+-------+-------+-------+-------+-------++-------
Melee: Dagger            |    59 |    46 |   100 |       |       ||   205
       Unarmed           |     2 |       |       |       |       ||     2
       Short sword       |     8 |       |     4 |   137 |       ||   149
 Cast: Sandblast         |    14 |    40 |    87 |    48 |       ||   189
       Stone Arrow       |       |     1 |    16 |   141 |       ||   158
       Lee's Rapid Decon |       |       |     3 |    29 |       ||    32
       Passwall          |       |       |       |     8 |       ||     8
Evoke: Wand              |       |       |       |    10 |       ||    10
       Tin of tremorston |       |       |       |     2 |       ||     2
  Use: Scroll            |       |     8 |     6 |    12 |       ||    26
       Potion            |       |       |     2 |     2 |     5 ||     9
 Stab: Sleeping          |     4 |     2 |       |     2 |       ||     8
       Distracted        |       |     1 |       |       |       ||     1
Armor: Robe              |    33 |    23 |     1 |       |       ||    57
       Leather armour    |       |       |    70 |   182 |     7 ||   259
Dodge: Dodged            |    34 |    34 |    84 |   193 |    11 ||   356

Table legend: (Time is in decaauts)
 A = Elapsed time spent in this place.
 B = Non-inter-level travel time spent in this place.
 C = Inter-level travel time spent in this place.
 D = Time resting spent in this place.
 E = Time spent auto-exploring this place.
 F = Levels seen in this place.
 G = Mean time per level.
                   A        B        C        D        E       F      G
               +--------+--------+--------+--------+--------+-----+--------+
         Total |  16926 |  16424 |    502 |   2209 |  11696 |  16 | 1057.9 |
       Dungeon |  16424 |  15948 |    476 |   2125 |  11361 |  14 | 1173.1 |
        Temple |    246 |    220 |     26 |      0 |    219 |   1 |  246.0 |
         Abyss |    254 |    254 |      0 |     84 |    116 |   1 |  254.0 |
               +--------+--------+--------+--------+--------+-----+--------+

Top non-repeatable levels by time:
    D:11: 1826 daAuts
     D:8: 1590 daAuts
    D:10: 1547 daAuts
     D:2: 1442 daAuts
     D:1: 1385 daAuts
    D:13: 1350 daAuts
     D:9: 1328 daAuts
     D:6: 1113 daAuts
     D:4: 1113 daAuts
     D:5: 972 daAuts
     D:7: 963 daAuts
    D:12: 877 daAuts
     D:3: 711 daAuts
 Abyss:3: 254 daAuts
  Temple: 246 daAuts
